[Event "ICC tourney 2046 (75 10)"]
[Site "Internet Chess Club"]
[Date "2020.10.10"]
[Round "4"]
[White "dangdang2000"]
[Black "VirginiaGuy"]
[Result "1-0"]
[ICCResult "Black resigns"]
[WhiteElo "1218"]
[BlackElo "1351"]
[Opening "French: advance, Paulsen attack"]
[ECO "C02"]
[NIC "FR.03"]
[Time "18:34:04"]
[TimeControl "4500+10"]

1. e4 e6 2. d4 d5 3. e5 c5 4. c3 Nc6 5. Nf3 Qb6 6. a3 c4 7. Nbd2 Bd7 8. Rb1
Nge7 9. b4 Nf5 10. a4 Be7 11. a5 Qb5 12. Be2 Rb8 13. O-O Nd8 14. Qc2 Qa4 15.
Qxa4 Bxa4 16. Bd1 Bxd1 17. Rxd1 Nc6 18. Nf1 O-O 19. Ne3 Nxe3 20. Bxe3 Bd8
21. Bf4 Ne7 22. Re1 Ng6 23. Bg3 Ne7 24. Nh4 Nc6 25. Re3 Bg5 26. f4 Bd8 27.
Nf3 Ne7 28. Nh4 Re8 29. Bf2 Nc6 30. g4 Kh8 31. Nf3 Ne7 32. Bh4 Ng6 33. Bxd8
Rexd8 34. f5 Nf4 35. Ng5 Rf8 36. Rf3 Nd3 37. Rbf1 h6 38. Rh3 Kg8 39. Nf3 Nf4
40. Rh4 Ne2+ 41. Kf2 Nxc3 42. Ke3 exf5 43. gxf5 Ne4 44. Rg1 Kh7 45. Ng5+
Nxg5 46. Rxg5 Kg8 47. Rxh6 Rfe8 48. Rh4 f6 49. Rgh5 Kf7 50. e6+ Ke7 51. Rh7
Rg8 52. Rg4 Kf8 53. h4 Re8 54. h5 Rxe6+ 55. fxe6 {Black resigns} 1-0

[Event "ICC tourney 2046 (75 10)"]
[Site "Internet Chess Club"]
[Date "2020.10.10"]
[Round "4"]
[White "SukrutN"]
[Black "ivo20"]
[Result "1-0"]
[ICCResult "Black checkmated"]
[WhiteElo "1171"]
[BlackElo "1320"]
[Opening "Queen's Pawn"]
[ECO "B07"]
[NIC "QO.17"]
[Time "18:33:42"]
[TimeControl "4500+10"]

1. d4 d6 2. e4 h6 3. f4 e6 4. Nf3 a6 5. c4 Nc6 6. Nc3 Na7 7. Be2 Be7 8. Be3
Nf6 9. e5 dxe5 10. fxe5 Nh7 11. O-O Ng5 12. Nd2 O-O 13. Qc2 Nc6 14. Nb3 a5
15. a4 b6 16. Rad1 Bb7 17. Qd2 Bb4 18. Bd3 Bxc3 19. bxc3 Qe7 20. Qc2 f5 21.
exf6 Rxf6 22. Rxf6 Qxf6 23. Rf1 Qe7 24. h4 Nf7 25. Bf2 Rf8 26. Re1 Ncd8 27.
Qe2 Nd6 28. d5 Nf5 29. dxe6 Rf6 30. Bxf5 Rxf5 31. Nd4 Rf6 32. Qg4 Kh7 33.
Nf5 Rg6 34. Qxg6+ Kxg6 35. Nxe7+ Kf6 36. Nd5+ Bxd5 37. cxd5 Ke7 38. c4 Nb7
39. Bg3 Nc5 40. Bxc7 Nxa4 41. d6+ Ke8 42. d7+ Ke7 43. d8=Q# {Black
checkmated} 1-0

[Event "ICC tourney 2046 (75 10)"]
[Site "Internet Chess Club"]
[Date "2020.10.10"]
[Round "4"]
[White "dkt2011"]
[Black "siddarth1"]
[Result "0-1"]
[ICCResult "White checkmated"]
[WhiteElo "1240"]
[BlackElo "1535"]
[Opening "Sicilian: Alapin's variation (2.c3)"]
[ECO "B22"]
[NIC "SI.46"]
[Time "18:33:42"]
[TimeControl "4500+10"]

1. e4 c5 2. c3 e6 3. d4 cxd4 4. cxd4 d5 5. Nc3 Bb4 6. Qa4+ Nc6 7. exd5 Bxc3+
8. bxc3 exd5 9. Nf3 Bd7 10. Qb3 Nf6 11. Bd3 Be6 12. O-O O-O 13. Bg5 Qd7 14.
Bb5 Ne4 15. Bf4 a6 16. Ne5 Nxd4 17. Nxd7 Nxb3 18. axb3 axb5 19. Nxf8 Rxf8
20. Rfc1 Rc8 21. Be5 Nc5 22. Ra7 Nd3 23. Rc2 Nxe5 24. Rxb7 Nc6 25. Rxb5 Nd4
26. Rxd5 Bxd5 27. Rd2 Rxc3 28. h3 Bxb3 29. Rxd4 h6 30. Kh2 Rc2 31. f3 Bc4
32. Kg3 Bf1 33. Kh4 Rxg2 34. Rg4 Rf2 35. Rf4 g5+ 36. Kg3 Rg2# {White
checkmated} 0-1

[Event "ICC tourney 2046 (75 10)"]
[Site "Internet Chess Club"]
[Date "2020.10.10"]
[Round "4"]
[White "ChessMindTT"]
[Black "miyzhang"]
[Result "1-0"]
[ICCResult "Black checkmated"]
[WhiteElo "1453"]
[BlackElo "1295"]
[Opening "Giuoco Piano"]
[ECO "C54"]
[NIC "IG.02"]
[Time "18:34:01"]
[TimeControl "4500+10"]

1. e4 e5 2. Nf3 Nc6 3. Bc4 Bc5 4. c3 Nf6 5. d3 d6 6. a4 Bd7 7. b4 Bxf2+ 8.
Kxf2 Ng4+ 9. Kf1 h6 10. h3 Nf6 11. Kg1 Nh5 12. Nxe5 Nxe5 13. Qxh5 Qf6 14.
Kh2 O-O-O 15. Na3 g5 16. Qe2 g4 17. Be3 gxh3 18. Raf1 Qg6 19. gxh3 Rhg8 20.
Rhg1 Qh7 21. Bxa7 b6 22. Ba6# {Black checkmated} 1-0

[Event "ICC tourney 2046 (75 10)"]
[Site "Internet Chess Club"]
[Date "2020.10.10"]
[Round "4"]
[White "kbendre"]
[Black "amdink"]
[Result "0-1"]
[ICCResult "White checkmated"]
[WhiteElo "1245"]
[BlackElo "1340"]
[Opening "Vienna gambit"]
[ECO "C29"]
[NIC "VG.04"]
[Time "18:33:38"]
[TimeControl "4500+10"]

1. e4 e5 2. Nc3 Nf6 3. f4 exf4 4. e5 Ng8 5. Nf3 d5 6. d4 Nc6 7. Bxf4 Bf5 8.
Bb5 Bb4 9. O-O Ne7 10. Kh1 O-O 11. Nh4 Be6 12. Bg3 Ng6 13. Nxg6 fxg6 14.
Rxf8+ Qxf8 15. Ne2 Bg4 16. c3 Be7 17. Qd2 a6 18. Bd3 Qf7 19. Nf4 Bg5 20. Rf1
Rf8 21. Qf2 Ne7 22. h3 Bf5 23. Bxf5 Nxf5 24. Bh2 c6 25. Re1 Qe7 26. Qe2 Bh4
27. Rf1 Ng3+ 28. Bxg3 Bxg3 29. Qg4 Bxf4 30. Rxf4 Rxf4 31. Qxf4 g5 32. Qf5 h6
33. Qc8+ Kh7 34. Qf5+ Kg8 35. b3 Qa3 36. e6 Qc1+ 37. Kh2 Qf4+ 38. Qxf4 gxf4
39. c4 Kf8 40. Kg1 Ke7 41. Kf2 Kxe6 42. cxd5+ Kxd5 43. Kf3 Kxd4 44. Kxf4 Kc3
45. Kf5 Kb2 46. Kg6 Kxa2 47. Kxg7 Kxb3 48. Kxh6 c5 49. g4 c4 50. g5 c3 51.
g6 c2 52. g7 c1=Q+ 53. Kh7 Qc7 54. Kh8 Qe5 55. Kg8 a5 56. h4 a4 57. Kf8 Qf6+
58. Kg8 Qxh4 59. Kf8 Qf6+ 60. Kg8 a3 61. Kh8 a2 62. Kh7 a1=Q 63. g8=Q+ Kb4
64. Qg4+ Kc5 65. Qc8+ Kd6 66. Qb8+ Ke6 67. Qc8+ Ke5 68. Qc7+ Qd6 69. Qg7+
Qf6 70. Qc7+ Kf5 71. Qd7+ Qe6 72. Qd3+ Qe4 73. Qd7+ Kg5+ 74. Kg8 Qa8+ 75.
Kg7 Qg6# {White checkmated} 0-1

[Event "ICC tourney 2046 (75 10)"]
[Site "Internet Chess Club"]
[Date "2020.10.10"]
[Round "4"]
[White "charlestxie"]
[Black "MathMonkey"]
[Result "1/2-1/2"]
[ICCResult "Game drawn by mutual agreement"]
[WhiteElo "1268"]
[BlackElo "983"]
[Opening "Neo-Grünfeld defense"]
[ECO "D70"]
[NIC "KI.80"]
[Time "18:33:47"]
[TimeControl "4500+10"]

1. d4 Nf6 2. c4 g6 3. Nf3 d5 4. cxd5 Nxd5 5. e4 Nf6 6. Nc3 Bg7 7. Be2 c5 8.
Be3 O-O 9. O-O Ng4 10. e5 Nxe3 11. fxe3 Bh6 12. Qd3 cxd4 13. exd4 Bf5 14.
Qd1 Nc6 15. d5 Nb4 16. Nh4 Bc2 17. Qd4 Nc6 18. Qf2 Nxe5 19. Bb5 Bd3 20. Bxd3
Nxd3 21. Qc2 Qb6+ 22. Kh1 Ne5 23. Rae1 Ng4 24. Qe2 Ne3 25. Rf3 Qd4 26. g3
Rad8 27. Rxe3 Bxe3 28. Qxe3 Qxe3 29. Rxe3 Rfe8 30. Kg2 e6 31. dxe6 Rxe6 32.
Rxe6 fxe6 33. Nf3 h6 34. h4 g5 35. hxg5 hxg5 36. Nxg5 Rd2+ 37. Kh3 e5 38. b3
Rc2 39. Nge4 Kf7 40. Kh4 Kg6 41. Kg4 a6 42. a4 a5 43. Nb5 Rb2 44. Nc5 b6 45.
Nd7 e4 46. Kf4 Rxb3 47. Nxb6 e3 48. Kf3 Kg5 49. Nc4 Rb4 50. Nxa5 Rxa4 51.
Nb3 Rg4 52. Nd6 Rb4 53. Nc1 Rd4 54. Ne4+ Kf5 55. Nc3 Rc4 56. N1e2 Rc8 57.
Kxe3 Kg4 58. Kf2 Rf8+ 59. Kg2 Re8 60. Nf4 Rc8 61. Nce2 Rc2 62. Kf2 Ra2 63.
Nd3 Rd2 64. Ne5+ Kf5 65. Nf3 Ra2 66. Nd4+ Kg4 67. Ke3
{Game drawn by mutual agreement}
1/2-1/2

[Event "ICC tourney 2046 (75 10)"]
[Site "Internet Chess Club"]
[Date "2020.10.10"]
[Round "4"]
[White "otcm"]
[Black "Jeffchess"]
[Result "1-0"]
[ICCResult "Black checkmated"]
[WhiteElo "1532"]
[BlackElo "1298"]
[Opening "Old Benoni defense"]
[ECO "A43"]
[NIC "OI.09"]
[Time "18:33:38"]
[TimeControl "4500+10"]

1. d4 c5 2. d5 d6 3. Nf3 e5 4. e4 Nf6 5. Nc3 Be7 6. g3 Bg4 7. Bg2 b5 8. Nxb5
Nxe4 9. Qe2 Nf6 10. Nc3 e4 11. Nxe4 Nxd5 12. Qc4 Nb6 13. Nxd6+ Qxd6 14. Qxg4
O-O 15. O-O Bf6 16. Bf4 Qd7 17. Qxd7 N8xd7 18. c3 Na4 19. Rab1 Rfe8 20. Rfd1
Ndb6 21. Ne5 Rac8 22. Bh3 Bxe5 23. Bxe5 Rcd8 24. Rxd8 Rxd8 25. b3 f6 26. Bc7
Nxc3 27. Bxd8 Nxb1 28. Be7 Nc3 29. Bxc5 Nxa2 30. Be6+ Kh8 31. b4 Nc3 32. Kg2
Ncd5 33. Kf3 Nc7 34. Bb3 g6 35. Ke4 Kg7 36. f4 Kh6 37. Bf8+ Kh5 38. Bd1#
{Black checkmated}
1-0

[Event "ICC tourney 2046 (75 10)"]
[Site "Internet Chess Club"]
[Date "2020.10.10"]
[Round "4"]
[White "Electryon"]
[Black "jjplaman"]
[Result "0-1"]
[ICCResult "White resigns"]
[WhiteElo "1299"]
[BlackElo "1426"]
[Opening "King's Indian: London system"]
[ECO "A48"]
[NIC "QP.03"]
[Time "18:33:36"]
[TimeControl "4500+10"]

1. d4 Nf6 2. Nf3 g6 3. Bf4 Bg7 4. Qd2 O-O 5. Nc3 d6 6. Bh6 Bf5 7. Bxg7 Kxg7
8. e3 Nc6 9. Bd3 Bd7 10. O-O Nb4 11. Be2 Bf5 12. Bd1 Qd7 13. a3 Nbd5 14.
Nxd5 Nxd5 15. c4 Nf6 16. Bc2 Ne4 17. Bxe4 Bxe4 18. Qe2 Qg4 19. h3 Qh5 20.
Rfe1 f5 21. Nd2 Qg5 22. Nxe4 fxe4 23. Qc2 Qh4 24. Re2 Rf7 25. Kh2 Raf8 26.
Rf1 Qh5 27. Rd2 Qh4 28. g3 Qg5 29. Qxe4 Rf3 30. Qg4 Qa5 31. Re2 Qa4 32. c5
Qc4 33. Rfe1 Rxf2+ 34. Rxf2 Rxf2+ 35. Kg1 Qc2 36. Qd1 Rg2+ 37. Kh1 Rh2+
{White resigns}
0-1

[Event "ICC tourney 2046 (75 10)"]
[Site "Internet Chess Club"]
[Date "2020.10.10"]
[Round "4"]
[White "Vidipkona"]
[Black "agore"]
[Result "1-0"]
[ICCResult "Black checkmated"]
[WhiteElo "1459"]
[BlackElo "1310"]
[Opening "Ruy Lopez: Berlin defense, 4.O-O, d6"]
[ECO "C66"]
[NIC "RL.02"]
[Time "18:33:44"]
[TimeControl "4500+10"]

1. e4 e5 2. Nf3 Nc6 3. Bb5 d6 4. O-O Nf6 5. d3 Be7 6. Nbd2 a6 7. Ba4 b5 8.
Bb3 O-O 9. c3 Bg4 10. Re1 Na5 11. Bc2 c5 12. Nf1 Qc7 13. h3 Bh5 14. Ng3 Bg6
15. Nh4 Nd7 16. Nhf5 Bxf5 17. Nxf5 Nb6 18. Qg4 g6 19. Bh6 Rfe8 20. Ng7 Red8
21. Nf5 Bf8 22. Bxf8 Kxf8 23. Ne3 c4 24. d4 exd4 25. cxd4 b4 26. Qg5 Nc6 27.
Qh6+ Kg8 28. Ng4 Qe7 29. e5 dxe5 30. dxe5 Nd7 31. f4 Qf8 32. Be4 Rac8 33.
Rad1 Qxh6 34. Nxh6+ Kg7 35. Ng4 h5 36. Ne3 Nb6 37. Nc2 a5 38. Rxd8 Nxd8 39.
Nd4 c3 40. b3 a4 41. Nc2 axb3 42. axb3 Ne6 43. Nxb4 Nxf4 44. Nc2 Nbd5 45. g3
Nxh3+ 46. Kh2 Nhf4 47. gxf4 Nxf4 48. Kg3 Ne6 49. Bd5 Rc5 50. Bxe6 fxe6 51.
Kf4 Kh6 52. Re3 g5+ 53. Kg3 Kg6 54. Re2 Rd5 55. Re3 Rc5 56. b4 Rd5 57. Rxc3
Rxe5 58. Rb3 Kf5 59. b5 h4+ 60. Kf2 Rd5 61. Ne3+ Kf4 62. Nxd5+ exd5 63. b6
g4 64. b7 g3+ 65. Kg2 Kg4 66. Rb4+ Kg5 67. b8=Q Kh5 68. Qe5+ Kh6 69. Rb6+
Kh7 70. Qc7+ Kg8 71. Rb8# {Black checkmated} 1-0

[Event "ICC tourney 2046 (75 10)"]
[Site "Internet Chess Club"]
[Date "2020.10.10"]
[Round "4"]
[White "ethanpu"]
[Black "Levymeister"]
[Result "1/2-1/2"]
[ICCResult "Game drawn by mutual agreement"]
[WhiteElo "1349"]
[BlackElo "1411"]
[Opening "Caro-Kann: exchange variation"]
[ECO "B13"]
[NIC "CK.02"]
[Time "18:33:49"]
[TimeControl "4500+10"]

1. e4 c6 2. d4 d5 3. exd5 cxd5 4. Nc3 Nf6 5. Bg5 e6 6. Nf3 Nc6 7. Bb5 a6 8.
Bxc6+ bxc6 9. O-O c5 10. Ne5 Bb7 11. Na4 Qa5 12. Nxc5 Bxc5 13. dxc5 Qxc5 14.
c3 h6 15. Bxf6 gxf6 16. Qa4+ Qb5 17. Qxb5+ axb5 18. Nd3 Ke7 19. Rfe1 Rag8
20. f3 Rg5 21. a4 d4 22. Kf2 Rhg8 23. g3 Rd8 24. Nf4 dxc3 25. bxc3 bxa4 26.
Rxa4 Bc6 27. Ra7+ Kf8 28. Rc7 Rc5 29. Rxe6 Bd7 30. Re8+ Kxe8 31. Rxc5 f5 32.
Nh5 Be6 33. Ng7+ Ke7 34. Nxe6 fxe6 35. Ke3 Rd1 36. Rc7+ Kf6 37. Rh7 Kg6 38.
Re7 Kf6 39. Rc7 Rh1 40. h4 Rh3 41. Kf2 Rh2+ 42. Kg1 Rc2 43. Rc6 h5 44. f4
Rc1+ 45. Kg2 Rc2+ 46. Kf3 Rc1 {Game drawn by mutual agreement} 1/2-1/2

[Event "ICC tourney 2046 (75 10)"]
[Site "Internet Chess Club"]
[Date "2020.10.10"]
[Round "4"]
[White "georgianknight"]
[Black "SunnyDays0"]
[Result "0-1"]
[ICCResult "White checkmated"]
[WhiteElo "1370"]
[BlackElo "1151"]
[Opening "French: Tarrasch, open variation"]
[ECO "C07"]
[NIC "FR.18"]
[Time "18:33:37"]
[TimeControl "4500+10"]

1. e4 e6 2. d4 d5 3. Nd2 c5 4. c3 Nc6 5. Bb5 Qb6 6. Bxc6+ bxc6 7. Ngf3 Ba6
8. Qb3 Nf6 9. e5 Nd7 10. Qxb6 Nxb6 11. b3 c4 12. h3 Be7 13. Nb1 cxb3 14.
axb3 Bd3 15. Nbd2 O-O 16. Nf1 a5 17. Ng3 c5 18. Ne2 c4 19. bxc4 Nxc4 20. Nf4
Be4 21. Nd2 Nxd2 22. Bxd2 a4 23. O-O Bg5 24. Be3 a3 25. Nxe6 fxe6 26. Bxg5
a2 27. f3 Bg6 28. Rf2 Bb1 29. Rb2 Rfb8 30. Bc1 Rxb2 31. Bxb2 Rb8 32. Ba3 Rb3
33. Bb4 Rb2 34. f4 Bd3 35. Kh2 Kf7 36. Ba3 Rd2 37. Kg3 Bc4 38. Kh2 Rc2 39.
Bb4 Rb2 40. Ba3 Rb1 41. Rxa2 Bxa2 42. Bb4 Rf1 43. Kg3 Bb1 44. Kg4 Rg1 45. g3
Bf5+ 46. Kh4 g6 47. g4 Be4 48. Kg5 Rh1 49. h4 Kg7 50. h5 h6# {White
checkmated} 0-1

[Event "ICC tourney 2046 (75 10)"]
[Site "Internet Chess Club"]
[Date "2020.10.10"]
[Round "4"]
[White "Supersamraat"]
[Black "JavierDix"]
[Result "1-0"]
[ICCResult "Black resigns"]
[WhiteElo "1556"]
[BlackElo "1412"]
[Opening "Queen's pawn, Mason variation"]
[ECO "D00"]
[NIC "QP.08"]
[Time "18:34:00"]
[TimeControl "4500+10"]

1. d4 d5 2. Bf4 Nf6 3. e3 Bf5 4. c4 e6 5. Nc3 Bd6 6. Bg3 O-O 7. c5 Bxg3 8.
hxg3 b6 9. b4 Qe7 10. Bd3 Ne4 11. Qc2 Nc6 12. a3 Nxc3 13. Bxf5 exf5 14. Qxc3
b5 15. Nf3 Rfe8 16. Qd3 Qf6 17. O-O a6 18. Rfb1 Nd8 19. a4 c6 20. axb5 cxb5
21. Ne5 g6 22. Nd7 Qe7 23. Nb6 Rb8 24. Nxd5 Qb7 25. Nf6+ Kf8 26. Nxe8 Kxe8
27. Rb2 Nc6 28. e4 Rd8 29. d5 Ne5 30. Qd4 Nc4 31. Re2 Qe7 32. Rae1 Ne5 33.
exf5 f6 34. Rxe5 fxe5 35. Rxe5 {Black resigns} 1-0

[Event "ICC tourney 2046 (75 10)"]
[Site "Internet Chess Club"]
[Date "2020.10.10"]
[Round "4"]
[White "beibeiolivia"]
[Black "wicked"]
[Result "1-0"]
[ICCResult "Black checkmated"]
[WhiteElo "1290"]
[BlackElo "1498"]
[Opening "Hungarian defense"]
[ECO "C50"]
[NIC "IG.03"]
[Time "18:33:39"]
[TimeControl "4500+10"]

1. e4 e5 2. Nf3 Nc6 3. Bc4 Be7 4. c3 Nf6 5. d3 O-O 6. Nbd2 d6 7. Nf1 Bg4 8.
Ng3 Na5 9. Bb5 a6 10. Ba4 b5 11. Bc2 h6 12. h3 Bd7 13. Be3 Nc6 14. Qd2 Nh7
15. O-O Bh4 16. Nxh4 Qxh4 17. Qe2 Ne7 18. Bb3 Kh8 19. Bd2 f5 20. Rfe1 f4 21.
Nf1 f3 22. gxf3 Qxh3 23. Nh2 Rf6 24. Kh1 Raf8 25. f4 exf4 26. f3 Rg6 27. Rg1
Nf6 28. c4 Nh5 29. Rxg6 Nxg6 30. Qf2 Ne5 31. Bc3 Nxd3 32. Qd2 Ne5 33. Bxe5
dxe5 34. Qd5 Ng3+ 35. Kg1 Ne2+ 36. Kh1 Nd4 37. Rf1 Ne2 38. Rd1 Be8 39. Qd8
Nd4 40. Rf1 Qd7 41. Qh4 Ne2 42. Rd1 Qc6 43. cxb5 axb5 44. Qe7 Rf6 45. Ng4
Ng3+ 46. Kg2 Nxe4 47. Nxf6 Nxf6 48. Qxe5 g5 49. Rh1 Kg7 50. Qe7+ Kg6 51. Qf8
Ng4 52. Qg8+ Kf6 53. Qh8+ Kg6 54. Re1 Ne3+ 55. Kf2 Qf6 56. Qxe8+ Kf5 57.
Qe4# {Black checkmated} 1-0

[Event "ICC tourney 2046 (75 10)"]
[Site "Internet Chess Club"]
[Date "2020.10.10"]
[Round "4"]
[White "sburreus09"]
[Black "Attack1010"]
[Result "0-1"]
[ICCResult "White checkmated"]
[WhiteElo "1509"]
[BlackElo "1504"]
[Opening "QGD: Ragozin variation"]
[ECO "D38"]
[NIC "NI.27"]
[Time "18:33:42"]
[TimeControl "4500+10"]

1. d4 e6 2. c4 d5 3. Nc3 Bb4 4. Nf3 Nf6 5. Qc2 c5 6. e3 Nc6 7. Bd2 O-O 8.
cxd5 cxd4 9. exd4 Nxd5 10. Bd3 h6 11. O-O Qd6 12. Rad1 a6 13. Ne4 Qd7 14.
Bc1 Bd6 15. a3 Bf4 16. g3 Bxc1 17. Rxc1 Nde7 18. Qc3 b6 19. Rfd1 Bb7 20. Bb1
Rfd8 21. Rd2 Rac8 22. Qd3 Nf5 23. Rcd1 Na5 24. b3 Qd5 25. b4 Nb3 26. Re2 Nc1
27. Rxc1 Rxc1+ 28. Kg2 Rxb1 29. Qxb1 Nxd4 30. Nxd4 Qxd4 31. f3 Qd3 32. Qb2
Qc4 33. Rc2 Qd4 34. Qxd4 Rxd4 35. Nf2 Rd7 36. g4 Kf8 37. h4 Ke7 38. Kg3 Kf6
39. f4 g5 40. Rc3 e5 41. fxe5+ Kxe5 42. Re3+ Kf6 43. hxg5+ hxg5 44. Nd3 Re7
45. Kf2 Rxe3 46. Kxe3 Bc8 47. Nf2 Ke5 48. a4 a5 49. b5 Be6 50. Nd3+ Kd5 51.
Kf3 Kd4 52. Nc1 Kc4 53. Ne2 Kb4 54. Nd4 Kxa4 55. Nxe6 fxe6 56. Ke4 Kxb5 57.
Ke5 a4 58. Kxe6 a3 59. Kf5 a2 60. Kxg5 a1=Q 61. Kh6 Qh1+ 62. Kg6 Qh8 63. g5
Qg8+ 64. Kf6 Kc5 65. g6 Kd5 66. g7 Kd6 67. Kg6 Ke6 68. Kh6 Kf6 69. Kh5 Qxg7
70. Kh4 Qg2 71. Kh5 Qg5# {White checkmated} 0-1

[Event "ICC tourney 2046 (75 10)"]
[Site "Internet Chess Club"]
[Date "2020.10.10"]
[Round "4"]
[White "jayrag"]
[Black "magicpup"]
[Result "0-1"]
[ICCResult "White resigns"]
[WhiteElo "1401"]
[BlackElo "1547"]
[Opening "Queen's pawn game, Darooha variation "]
[ECO "D02"]
[NIC "QP.08"]
[Time "18:33:38"]
[TimeControl "4500+10"]

1. d4 d5 2. Nf3 Nf6 3. g3 e6 4. Bg2 Be7 5. O-O O-O 6. b3 b6 7. Bb2 Bb7 8.
Nbd2 Nbd7 9. Rc1 c5 10. e3 Rc8 11. Qe2 Qc7 12. Rfd1 Rfe8 13. c4 Qd8 14. Ne5
cxd4 15. exd4 Bd6 16. a3 Qe7 17. a4 Nf8 18. Ng4 Ng6 19. h4 Nf8 20. c5 Bb8
21. Ba3 Nxg4 22. Qxg4 bxc5 23. dxc5 Qf6 24. h5 Nd7 25. Rc2 Ne5 26. Qe2 Nc6
27. Nf3 Qf5 28. h6 g6 29. Rcd2 Qf6 30. Bb2 Qe7 31. Ba3 Qf6 32. Re1 Bc7 33.
b4 Ne7 34. Bb2 Qf5 35. Qe3 e5 36. Nh4 Qd7 37. Qg5 Nf5 38. Bh3 Bd8 39. Qg4
Bxh4 40. gxh4 Qd8 41. Qg2 Nxh4 42. Qg3 e4 43. Bg2 Nf5 44. Qc3 d4 45. Qc4 Qg5
46. Rde2 Nh4 47. f4 Qg4 48. Qxd4 Nf3+ {White resigns} 0-1

[Event "ICC tourney 2046 (75 10)"]
[Site "Internet Chess Club"]
[Date "2020.10.11"]
[Round "5"]
[White "wicked"]
[Black "jayrag"]
[Result "0-1"]
[ICCResult "White checkmated"]
[WhiteElo "1503"]
[BlackElo "1425"]
[Opening "Ruy Lopez: Berlin defense"]
[ECO "C65"]
[NIC "RL.07"]
[Time "11:03:12"]
[TimeControl "4500+10"]

1. e4 e5 2. Nf3 Nc6 3. Bb5 Nf6 4. d3 a6 5. Bxc6 dxc6 6. h3 Bd6 7. Nc3 h6 8.
Be3 Qe7 9. Qd2 Bd7 10. a3 c5 11. O-O g5 12. Nd5 Nxd5 13. exd5 Rg8 14. Nh2 f5
15. f3 O-O-O 16. c3 f4 17. Bf2 h5 18. b4 g4 19. bxc5 Bxc5 20. fxg4 hxg4 21.
h4 g3 22. Bxc5 gxh2+ 23. Kh1 Qxc5 24. d4 Qxd5 25. Qb2 Bc6 26. Rf2 Rg3 27.
Kxh2 Rdg8 28. Rg1 Qd8 29. Qc2 Qxh4# {White checkmated} 0-1

[Event "ICC tourney 2046 (75 10)"]
[Site "Internet Chess Club"]
[Date "2020.10.11"]
[Round "5"]
[White "tjsathyan"]
[Black "sburreus09"]
[Result "0-1"]
[ICCResult "White checkmated"]
[WhiteElo "1284"]
[BlackElo "1523"]
[Opening "Réti: Wade defense"]
[ECO "B07"]
[NIC "VO.17"]
[Time "11:03:22"]
[TimeControl "4500+10"]

1. e4 d6 2. Nf3 Bg4 3. Be2 Nd7 4. O-O Ngf6 5. Nc3 c6 6. h3 Bh5 7. Nd4 Bg6 8.
d3 Qc7 9. Nf3 e5 10. Re1 Be7 11. Bf1 Nh5 12. Bd2 O-O-O 13. Bg5 f6 14. Bd2
Bf7 15. Qc1 g5 16. Nh2 Be6 17. Kh1 Rhg8 18. Be2 Nf4 19. Bg4 h5 20. Bxf4 hxg4
21. Be3 gxh3 22. g3 f5 23. exf5 Bxf5 24. Ne4 g4 25. Nd2 d5 26. Ndf1 d4 27.
Bd2 Qd6 28. a3 Qd5+ 29. f3 gxf3 30. Re4 Bxe4 31. dxe4 Qxe4 32. Kg1 Qe2 33.
Ne3 Rxg3+ 34. Kh1 dxe3 35. Qf1 exd2 36. Nxf3 Qxf1+ 37. Rxf1 Rxf3 38. Rd1 Bg5
39. c3 e4 40. b3 e3 41. b4 e2 42. Kh2 exd1=Q 43. b5 Qe2+ 44. Kh1 Rf1#
{White checkmated}
0-1

[Event "ICC tourney 2046 (75 10)"]
[Site "Internet Chess Club"]
[Date "2020.10.11"]
[Round "5"]
[White "amdink"]
[Black "Twinkletoesss"]
[Result "0-1"]
[ICCResult "White checkmated"]
[WhiteElo "1333"]
[BlackElo "1467"]
[Opening "Sicilian: Anderssen variation"]
[ECO "B41"]
[NIC "SI.41"]
[Time "11:03:20"]
[TimeControl "4500+10"]

1. e4 c5 2. Nf3 e6 3. d4 cxd4 4. Nxd4 Nf6 5. Nc3 Nc6 6. Ndb5 Bb4 7. a3 Bxc3+
8. Nxc3 d5 9. Bg5 d4 10. Bxf6 Qxf6 11. Nb5 O-O 12. Bd3 Qe7 13. c3 Rd8 14.
O-O dxc3 15. Nxc3 Ne5 16. Qc2 Nxd3 17. Rad1 Ne5 18. Nb5 Bd7 19. Nd6 Bc6 20.
Qc5 Ng6 21. b4 a6 22. h3 e5 23. Rd2 Rd7 24. Rfd1 Rad8 25. g3 Nf8 26. Nc4
Qxc5 27. bxc5 Rxd2 28. Rxd2 Rxd2 29. Nxd2 Ne6 30. Nc4 f6 31. f3 Nxc5 32. Na5
Ne6 33. Nxc6 bxc6 34. Kf2 Nd4 35. g4 Kf7 36. Ke3 Ke6 37. f4 Kd6 38. f5 Kc5
39. Kd3 Kb5 40. h4 a5 41. h5 a4 42. Kc3 c5 43. Kd3 h6 44. Kc3 c4 45. Kb2 Kc5
46. Kc3 Nb5+ 47. Kb2 Kd4 48. Kc2 c3 49. Kb1 Nxa3+ 50. Kc1 Nc4 51. Kc2 Ne3+
52. Kc1 a3 53. Kb1 Kd3 54. Kc1 Ke2 55. Kb1 Kd1 56. Ka1 c2 57. Ka2 Nxg4 58.
Kb3 c1=Q 59. Ka4 a2 60. Kb5 a1=Q 61. Kb6 Qab2+ 62. Ka6 Qca1# {White
checkmated} 0-1

[Event "ICC tourney 2046 (75 10)"]
[Site "Internet Chess Club"]
[Date "2020.10.11"]
[Round "5"]
[White "VirginiaGuy"]
[Black "lerui"]
[Result "1-0"]
[ICCResult "Black checkmated"]
[WhiteElo "1380"]
[BlackElo "1070"]
[Opening "Queen's pawn game"]
[ECO "D05"]
[NIC "QP.08"]
[Time "11:03:08"]
[TimeControl "4500+10"]

1. d4 d5 2. Nf3 Nf6 3. e3 e6 4. Bd3 Be7 5. Nbd2 O-O 6. b3 Nc6 7. a3 a5 8.
O-O Bd7 9. Bb2 h6 10. Ne5 Bd6 11. f4 Bc8 12. Rf3 Nd7 13. Rh3 Ndxe5 14. fxe5
Be7 15. Nf3 Bd7 16. Nd2 Re8 17. Qh5 Rf8 18. Rg3 Kh8 19. Rf1 Qe8 20. Qg4 Rg8
21. Rgf3 Rf8 22. Rh3 f6 23. Bg6 Qd8 24. Qf4 Kg8 25. Rxh6 fxe5 26. Bf7+ Rxf7
27. Qxf7# {Black checkmated} 1-0

[Event "ICC tourney 2046 (75 10)"]
[Site "Internet Chess Club"]
[Date "2020.10.11"]
[Round "5"]
[White "ethanpu"]
[Black "SukrutN"]
[Result "1-0"]
[ICCResult "Black resigns"]
[WhiteElo "1361"]
[BlackElo "1143"]
[Opening "Sicilian: Nimzovich-Rubinstein; Rubinstein counter-gambit"]
[ECO "B29"]
[NIC "SI.43"]
[Time "11:03:07"]
[TimeControl "4500+10"]

1. e4 c5 2. Nf3 Nf6 3. e5 Nd5 4. Nc3 e6 5. Nxd5 exd5 6. d4 Nc6 7. c3 d6 8.
Bb5 Be7 9. exd6 Qxd6 10. dxc5 Qxc5 11. Bd3 Bg4 12. h3 Bh5 13. Be3 Qa5 14.
O-O O-O 15. g4 Bg6 16. Bxg6 fxg6 17. Qb3 Rxf3 18. Qxb7 Rb8 19. Qxc6 Rf6 20.
Qd7 Rf7 21. b4 Qa3 22. Qxa7 Qxa7 23. Bxa7 Ra8 24. Bd4 Bf6 25. a4 Bxd4 26.
cxd4 Rf4 27. b5 Rxd4 28. a5 Rb4 29. b6 Rb5 30. Rab1 Raxa5 31. b7 Kf7 32.
b8=Q Rxb8 33. Rxb8 d4 34. Rb7+ Ke6 35. Rxg7 h5 36. Rxg6+ Ke5 37. gxh5 Ra3
38. Rg3 Ra8 39. f4+ Ke4 40. f5 d3 41. f6 Rf8 42. h6 d2 43. h7 Rxf6 44. Rg4+
Ke3 45. Rd1 Rh6 46. Rg2 Rxh7 47. Rgxd2 Rg7+ 48. Kh2 Ke4 49. Re1+ {Black
resigns} 1-0

[Event "ICC tourney 2046 (75 10)"]
[Site "Internet Chess Club"]
[Date "2020.10.11"]
[Round "5"]
[White "SunnyDays0"]
[Black "MathMonkey"]
[Result "0-1"]
[ICCResult "White resigns"]
[WhiteElo "1121"]
[BlackElo "1000"]
[Opening "King's Indian: London system"]
[ECO "A48"]
[NIC "QP.06"]
[Time "11:03:13"]
[TimeControl "4500+10"]

1. d4 Nf6 2. Nf3 g6 3. Bf4 d5 4. e3 Bg7 5. c4 c5 6. dxc5 Qa5+ 7. Nc3 Ne4 8.
Rc1 Nxc3 9. bxc3 Bxc3+ 10. Nd2 Bg4 11. Be2 Bxe2 12. Qxe2 Qxa2 13. cxd5 O-O
14. e4 Rc8 15. Be3 Nd7 16. O-O Bxd2 17. Qxd2 Qxd2 18. Bxd2 Rxc5 19. Bb4 Rcc8
20. Bxe7 a5 21. d6 b5 22. Rc7 Nb6 23. Rfc1 Rxc7 24. Rxc7 a4 25. d7 Nxd7 26.
Rxd7 a3 27. Bf6 b4 28. Rb7 a2 29. Ba1 Rc8 30. Kf1 Rc1+ 31. Ke2 Rxa1 32. Rxb4
Rb1 33. Ra4 a1=Q 34. Rxa1 Rxa1 35. Kf3 Kg7 36. h3 Ra5 37. Kf4 Ra3 38. f3 Kf6
39. g4 h6 40. h4 g5+ 41. hxg5+ hxg5+ 42. Kg3 Ke5 {White resigns} 0-1